 Dungeon Crawl Stone Soup version 0.31.0-11-ge490571c62 (webtiles) character file.

Game seed: 16769346502237759896

529 Arcadio the Chopper (level 7, -1/64 HPs)
             Began as a Hill Orc Monk on Jan 26, 2024.
             Was a Believer of the Shining One.
             Killed from afar by an electric eel (6 damage)
             ... with a bolt of electricity
             ... on level 6 of the Dungeon.
             The game lasted 00:07:28 (5530 turns).

Arcadio the Chopper (Hill Orc Monk)                 Turns: 5530, Time: 00:07:28

Health: -1/64      AC: 13    Str: 16    XL:     7   Next: 24%
Magic:  7/7        EV: 11    Int: 10    God:    the Shining One [**....]
Gold:   203        SH:  0    Dex: 13    Spells: 6/6 levels left

rFire   . . .        a - +0 hand axe
rCold   . . .        d - orb {light}
rNeg    + . .        g - +0 ring mail
rPois   .            B - +0 helmet
rElec   .            n - +0 cloak
rCorr   .            q - +0 pair of gloves
SInv    .            (no boots)
Will    .....        (no amulet)
Stlth   +            y - +4 ring of protection
HPRegen 0.30/turn    (no ring)
MPRegen 0.10/turn

%: no passive effects
@: glowing
A: no striking features
a: Renounce Religion, Divine Shield


You were on level 6 of the Dungeon.
You worshipped the Shining One.
The Shining One was pleased with you.
You visited 2 branches of the dungeon, and saw 7 of its levels.

You collected 203 gold pieces.

Inventory:

Hand Weapons
 a - a +0 hand axe (weapon)
 x - a +0 morningstar
Armour
 b - a +0 robe
 d - an orb of light (worn)
 g - a +0 ring mail (worn)
 n - a +0 cloak (worn)
 q - a +0 pair of gloves (worn)
 B - a +0 helmet (worn)
Jewellery
 y - a +4 ring of protection (left hand)
Scrolls
 i - a scroll of immolation
 k - a scroll of vulnerability {unknown}
 l - a scroll of revelation {unknown}
 o - a scroll of butterflies {unknown}
 r - 3 scrolls of identify
 s - a scroll of teleportation {unknown}
 v - 3 scrolls of amnesia
 w - a scroll of fog {unknown}
 A - a scroll of poison {unknown}
Potions
 c - a potion of ambrosia
 e - a potion of lignification
 f - 2 potions of heal wounds
 h - a potion of resistance {unknown}
 j - a potion of enlightenment
 m - 2 potions of berserk rage
 p - 2 potions of attraction {unknown}
 t - a potion of brilliance {unknown}
 u - 3 potions of curing
 z - a potion of magic {unknown}


   Skills:
 + Level 6.3 Fighting
 + Level 6.8 Axes
 + Level 4.4 Armour
 - Level 2.4 Dodging


You had 6 spell levels left.
You didn't know any spells.
Your spell library contained the following spells:

 Spells                   Type           Power      Damage    Failure   Level
 Magic Dart               Conj           0%         1d3       56%         1
 Ensorcelled Hibernation  Hex/Ice        0%         N/A       71%         2
 Searing Ray              Conj           0%         2d4       71%         2
 Passwall                 Erth           0%         N/A       90%         3
 Swiftness                Air            0%         N/A       90%         3
 Fulminant Prism          Conj/Alch      0%         3d5       100%        4


Dungeon Overview and Level Annotations

Branches:
Dungeon (6/15)             Temple (1/1) D:5

Altars:
Ashenzari
Dithmenos
Elyvilon
Fedhas
Gozag
Kikubaaqudgha
Makhleb
Okawaru
Qazlal
Ru
Trog
Uskayaw
Vehumet
Wu Jian
Xom
Yredelemnul
The Shining One

Shops:
D:3 (

Annotations:
Temple 2 transporters


Message History

The orc shouts!
You hit the electric eel but do no damage.
The electric eel is heavily wounded.
You hit the plant. x2; The plant begins to die.
You hear a shout! x3
The electric eel shoots out a bolt of lightning at you!
The bolt of electricity hits you! x2
The bolt of electricity misses the electric eel.
The bolt of electricity hits the plant.
The plant begins to die.
You hit the electric eel.
The electric eel is heavily wounded.
You hit the plant. x2
The electric eel shoots out a bolt of lightning at you!
The bolt of electricity hits you. The bolt of electricity misses you.
The bolt of electricity hits the electric eel.
The electric eel completely resists.
The bolt of electricity hits the plant!
You hear a shout!
You hit the electric eel but do no damage.
The electric eel is heavily wounded.
You hit the plant but do no damage. You hit the plant.
The electric eel shoots out a bolt of lightning at you!
The bolt of electricity hits you! x2
The bolt of electricity hits the electric eel.
The electric eel completely resists.
The bolt of electricity hits the plant!
You closely miss the electric eel.
The electric eel is heavily wounded.
You hit the plant. x2; A nearby plant withers and dies. x2
The electric eel shoots out a bolt of lightning at you!
The bolt of electricity hits you! x2
* * * LOW HITPOINT WARNING * * *
The bolt of electricity hits the electric eel.
The electric eel completely resists.
The bolt of electricity hits the plant!
An electric eel comes into view.
Okay, then.
The electric eel shoots out a bolt of lightning at you!
The bolt of electricity misses you.
A nearby plant withers and dies.
The electric eel shoots out a bolt of lightning at you!
The bolt of electricity hits you.
You die...

......PPS~
..$...P.P♣
.....#Po~♣♣ ~~.#
./.....~.P♣♣♣~~P#
.......#~~♣P♣~~~
........S.~~~~.#
..........P.P#
........##.$##
####...@##..#
#..........#
♣♣♣......#.#
♣PP♣..#....#######
~~P≈~~~♣♣.....<...#
~~≈≈≈P~ ♣~P.......#
P~≈≈≈≈~~~~~~......#
~PP~≈~~~PP~♣.....#
P~~P~~~~~~♣......#


You could see an electric eel.

Vanquished Creatures
  An ogre (D:5)
  A hound (D:5)
  A bombardier beetle (D:5)
  A gnoll bouda (D:3)
  2 iguanas
  A sleepcap (D:5)
  An orc wizard (D:5)
  9 gnolls (D:4)
  7 adders
  6 dart slugs
  A ribbon worm (D:4)
  10 orcs
  4 ball pythons
  6 endoplasms
  3 giant cockroaches
  2 goblins
  8 hobgoblins
  5 jackals
  2 quokkas (D:3)
  6 bats
  A frilled lizard (D:3)
  9 kobolds
  3 rats
90 creatures vanquished.

Notes
Turn   | Place    | Note
-------+----------+-------------------------------------------
     0 | D:1      | Arcadio the Hill Orc Monk began the quest for the Orb.
     0 | D:1      | Reached XP level 1. HP: 19/19 MP: 1/1
   148 | D:1      | Reached XP level 2. HP: 14/27 MP: 2/2
   293 | D:1      | Reached skill level 1 in Armour
   756 | D:2      | Found a faded altar of an unknown god.
   769 | D:2      | Reached XP level 3. HP: 32/33 MP: 3/3
   818 | D:2      | Found a glowing golden altar of the Shining One.
   843 | D:2      | Became a worshipper of the Shining One
   843 | D:2      | Reached * piety under the Shining One
   843 | D:2      | Reached ** piety under the Shining One
  1267 | D:2      | Reached XP level 4. HP: 41/41 MP: 4/4
  1617 | D:3      | Reached skill level 5 in Axes
  1930 | D:3      | Found Miewk's Antique Weapon Boutique.
  2198 | D:4      | Reached XP level 5. HP: 47/47 MP: 5/5
  2401 | D:4      | Reached skill level 5 in Fighting
  2770 | D:3      | HP: 2/48 [gnoll bouda/+0 club (5)]
  2908 | D:5      | Entered Level 5 of the Dungeon
  3046 | D:5      | Reached XP level 6. HP: 36/56 MP: 6/6
  4943 | D:5      | Reached XP level 7. HP: 12/63 MP: 7/7
  5307 | D:5      | Found a staircase to the Ecumenical Temple.
  5319 | Temple   | Found a transporter.
  5319 | Temple   | Found a transporter.
  5319 | Temple   | Found a transporter.
  5319 | Temple   | Found a transporter.
  5319 | Temple   | Entered the Ecumenical Temple
  5530 | D:6      | Killed from afar by an electric eel

Illustrated notes

Levels and vault maps discovered:
D:1:      dpeg_arrival_arbitrary_a, layout_rooms, minmay_tromino_v4_a
D:2:      layout_basic, chequers_ecumenical_altar_simple, basic_altar,
          minmay_misc_feat_rows, roderic_roman_lattice
D:3:      layout_rooms, serial_shops, nicolae_shop_hallway_plus
D:4:      layout_loops_corners, grunt_decor_mini_mirrors
D:5:      layout_basic, lemuel_temple_firewalk_b, nicolae_figureground_pulse
D:6:      layout_rooms, serial_bayou, serial_bayou_pond_a, serial_bayou_lake_a,
          serial_bayou_ford_a, serial_bayou_pond_c, serial_shops, shop, shop
Temple:   hellmonk_temple_divided_pantheon

Skill      XL: |  1  2  3  4  5  6 |
---------------+-------------------+-----
Armour         | 1 2 3 4 |  4.4
Fighting       | 4 5 6 |  6.3
Axes           | 5 6 |  6.8
Dodging        | |  2.4

Action                     |  1- 3 |  4- 6 |  7- 9 || total
---------------------------+-------+-------+-------++-------
  Melee: Hand axe          |   103 |   219 |    13 ||   335
 Invoke: Divine Shield     |       |     1 |       ||     1
    Use: Scroll            |       |     8 |       ||     8
 Armour: Robe              |     8 |       |       ||     8
         Ring mail         |    49 |   146 |    12 ||   207
  Dodge: Dodged            |    67 |   115 |    13 ||   195
